 Dungeon Crawl Stone Soup version 0.31-a0-232-gb1c03b2570 (webtiles) character file.

Game seed: 13157611988153051466

48 qw the Shooter (level 3, 0/21 HPs)
             Began as a Gargoyle Hexslinger on July 7, 2023.
             Slain by a kobold
             ... wielding a +0 short sword
              (1 damage)
             ... on level 2 of the Dungeon.
             The game lasted 00:00:23 (952 turns).

qw the Shooter (Gargoyle Hexslinger)                 Turns: 952, Time: 00:00:24

Health: 0/21       AC:  6    Str: 17    XL:     3   Next: 72%
Magic:  4/4        EV: 12    Int: 13    God:
Gold:   58         SH:  0    Dex: 14    Spells: 3/4 levels left

rFire   . . .        Y - +1 sling
rCold   . . .        (no shield)
rNeg    + . .        c - +0 robe
rPois   inf          d - +0 helmet
rElec   +            (no cloak)
rCorr   .            (no gloves)
SInv    .            (no boots)
Will    .....        (no amulet)
Stlth   +            g - +6 ring of strength
HPRegen 0.23/turn    (no ring)
MPRegen 0.09/turn

%: no passive effects
@: no status effects
A: sickness immunity, AC +3, negative energy resistance 1, electricity
resistance, torment resistance 1, petrification resistance
a: no special abilities


You were on level 2 of the Dungeon.
You visited 1 branch of the dungeon, and saw 2 of its levels.

You collected 58 gold pieces.


Innate Abilities, Weirdness & Mutations

You are immune to sickness and miasma.
Your stone body is resilient. (AC +3)
You are immune to poison.
You resist negative energy. (rN+)
You are resistant to electric shocks. (rElec)
You are resistant to unholy torment.
You are immune to petrification.


   Skills:
 - Level 2.0 Fighting
 + Level 3.6 Ranged Weapons
 - Level 1.5 Dodging
 - Level 1.0 Spellcasting
 - Level 2.6 Hexes


You had 3 spell levels left.
You knew the following spells:

 Your Spells              Type           Power      Damage    Failure   Level
a - Slow                  Hex            28%        N/A       10%         1

Your spell library contained the following spells:

 Spells                   Type           Power      Damage    Failure   Level
 Inner Flame              Hex/Fire       4%         N/A       43%         3
 Portal Projectile        Hex/Tloc       8%         N/A       43%         3
 Cause Fear               Hex            3%         N/A       67%         4

Inventory:

Hand Weapons
 Y - a +1 sling (weapon)
Armour
 c - a +0 robe (worn)
 d - a +0 helmet (worn)
Jewellery
 g - a +6 ring of strength (left hand)
Scrolls
 a - a scroll of identify
Potions
 b - a potion of enlightenment {unknown}
 e - a potion of invisibility {unknown}
 f - 2 potions of berserk rage {unknown}
 h - a potion of curing {unknown}
 i - a potion of lignification {unknown}

Dungeon Overview and Level Annotations

Branches:
Dungeon (2/15)

Altars:
Fedhas

Annotations:
D:2 Robin


Message History

The goblin barely misses you. The goblin closely misses you.
You shoot a sling bullet. The sling bullet hits the goblin.
You kill the goblin!
The goblin no longer looks unusually strong.
The goblin hits you but does no damage.
Robin hits you from afar with a +0 spear.
The goblin hits you but does no damage. x2; The goblin misses you.
Robin roars a battlecry!
The goblin goes into a battle-frenzy!
You shoot a sling bullet. The sling bullet hits the goblin.
You kill the goblin!
Robin barely misses you. The goblin misses you.
You shoot a sling bullet.
The sling bullet closely misses the goblin.
Robin barely misses you. The goblin hits you but does no damage.
You shoot a sling bullet. The sling bullet hits the goblin!
You kill the goblin!
Robin barely misses you.
You shoot a sling bullet. The sling bullet hits Robin.
Robin is moderately wounded.
Robin hits you but does no damage.
A kobold comes into view. It is wielding a +0 short sword.
You shoot a sling bullet. The sling bullet barely misses Robin.
Robin hits you from afar with a +0 spear. x2
You shoot a sling bullet. The sling bullet hits Robin!
Robin is almost dead.
Robin hits you but does no damage.
You shoot a sling bullet.
The sling bullet barely misses the kobold.
The kobold closely misses you. Robin barely misses you.
You shoot a sling bullet.
The sling bullet barely misses the kobold.
Robin hits you but does no damage. The kobold hits you but does no damage.
You shoot a sling bullet. The sling bullet hits the kobold.
The kobold is heavily wounded.
The kobold hits you with a +0 short sword.
Robin hits you from afar with a +0 spear.
Robin closely misses you.
The kobold hits you with a +0 short sword.
You die...

....# #.....#####.......#.#.####
.....###...#..####........<..#...
...........#..........######....#
..........#........#..(........#
...............................
.. #......#........#######.._...
... #......#........# #......
.(.##......#....))..# ### #......
...........###..@).##......#.....
#..........###.)K..##......#.....
.......####.......g..........#.#.
........# #......)#.#... ..###.#.
........###...###...# .. .. #.##
.###.............#..##### .
#####.####....#......# .
#.####....##.....##..
...........#.........


You could see Robin and a kobold.

Vanquished Creatures
  A gnoll (D:1)
  A dart slug (D:1)
  2 ball pythons (D:1)
  3 endoplasms
  3 hobgoblins
  4 kobolds (D:1)
  A quokka (D:1)
  3 bats
  12 goblins
  2 rats (D:1)
32 creatures vanquished.

Notes
Turn   | Place    | Note
-------+----------+-------------------------------------------
     0 | D:1      | qw the Gargoyle Hexslinger began the quest for the Orb.
     0 | D:1      | Reached XP level 1. HP: 12/12 MP: 2/2
     0 | D:1      | 0 ||| qw: Version: 0.3-a-46-gb1f654a
     0 | D:1      | 0 ||| qw: Game counter: 2308
     0 | D:1      | 0 ||| qw: Melee chars always use a shield: true
     0 | D:1      | 0 ||| qw: God list: Okawaru
     0 | D:1      | 0 ||| qw: Allow faded altars: false
     0 | D:1      | 0 ||| qw: Do Orc after clearing Dungeon:15 true
     0 | D:1      | 0 ||| qw: Do second Lair branch before Depths: true
     0 | D:1      | 0 ||| qw: Lair rune preference: random
     0 | D:1      | 0 ||| qw: Goals: Normal
     0 | D:1      | 0 ||| PLANNING D:1-11
   111 | D:1      | Reached XP level 2. HP: 12/16 MP: 3/3
   170 | D:1      | Reached skill level 3 in Ranged Weapons
   344 | D:1      | Reached XP level 3. HP: 21/21 MP: 4/4
   697 | D:1      | 697 ||| UPGRADING to +0 helmet.
   702 | D:1      | 702 ||| UPGRADING to +6 ring of strength.
   703 | D:1      | 703 ||| READING scroll labelled XUFOBUUCUU.
   706 | D:1      | 706 ||| READING scroll labelled BYMUEQ FYENK.
   707 | D:1      | 707 ||| DROPPING scroll of poison.
   788 | D:2      | Found a blossoming altar of Fedhas.
   914 | D:2      | Noticed Robin
   917 | D:2      | 917 ||| FLEEEEING.
   918 | D:2      | 918 ||| FLEEEEING.
   919 | D:2      | 919 ||| FLEEEEING.
   920 | D:2      | 920 ||| FLEEEEING.
   921 | D:2      | 921 ||| FLEEEEING.
   922 | D:2      | 922 ||| FLEEEEING.
   923 | D:2      | 923 ||| FLEEEEING.
   924 | D:2      | 924 ||| FLEEEEING.
   925 | D:2      | 925 ||| FLEEEEING.
   926 | D:2      | 926 ||| FLEEEEING.
   927 | D:2      | 927 ||| FLEEEEING.
   928 | D:2      | 928 ||| FLEEEEING.
   943 | D:2      | HP: 3/21 [Robin/+0 spear (4)]
   948 | D:2      | HP: 3/21 [Robin/+0 spear (1)]
   952 | D:2      | HP: 1/21 [Robin/+0 spear (1)]
   952 | D:2      | Slain by a kobold

Levels and vault maps discovered:
D:1:      dpeg_arrival_arbitrary_b, layout_basic
D:2:      layout_basic, basic_altar, uniq_robin

Skill      XL: |  1  2  3 |
---------------+----------+-----
Ranged Weapons | 3 |  3.6
Fighting       | 2 |  2.0
Dodging        | |  1.5
Spellcasting   | |  1.0
Hexes          | |  2.6

Action                     || total
---------------------------++-------
   Fire: Sling             ||    89
    Use: Scroll            ||     2
 Armour: Robe              ||    27
  Dodge: Dodged            ||    46

Table legend:
 A = Non-vault XP
 B = Vault XP
 C = Vault XP percentage of total XP
 D = Non-vault monster count
 E = Vault monster count
 F = Vault count percentage of total count
                 A         B        C        D         E       F
            +---------+---------+-------+---------+---------+-------
      Total |      48 |      21 |  30.4 |      21 |      11 |  34.4
            +---------+---------+-------+---------+---------+-------
        D:1 |      43 |       0 |   0.0 |      18 |       0 |   0.0
        D:2 |       5 |      21 |  80.8 |       3 |      11 |  78.6
            +---------+---------+-------+---------+---------+-------
